[ AOE2 MATCH · #506263001 ]
UnrankedMongols vs Huns
Player's team · WIN
Rival team · LOSS
[ REPLAY ANALYSIS · EXTRACTED FROM THE RECORDED GAME ]
Feudal
7:53
Castle
19:40
Imperial
34:44
| APM avg | 47.9 |
| APM peak | 95 |
| eAPM avg | 26.4 |
| Villagers / military | 112 / 102 |
Focus
⚔️ 33.2% · 🌾 66.8%
Mangudai ×42 · Scout Cavalry ×37 · Scorpion ×5 · Trebuchet (Packed) ×5 · Camel Scout ×4 · Monk ×3
Feudal
9:51
Castle
20:31
Imperial
38:51
| APM avg | 49.7 |
| APM peak | 91 |
| eAPM avg | 22.8 |
| Villagers / military | 96 / 78 |
Focus
⚔️ 33.0% · 🌾 67.0%
Cavalry Archer ×46 · Scout Cavalry ×12 · Tarkan ×9 · Spearman ×8 · Skirmisher ×3
Match map
Initial resources + every placement click. Lines = walls · curves = elevation contours. ◆ gold · ⬟ stone · ● berries · ✦ relic · ◌ wall gap
Your base· Open — opponent sealed themselves in
Chris Snow's base· ✓ Closed at 20:31 · 52t walls · no gate
Smoothed initial terrain · ◌ = detected wall gap · hover for details
Inputs per minute
— HellionBlue - - Chris Snow
Build order — HellionBlue
First 150 of 296 actions detected
| 0:00 | Queue | Villager (Male) |
| 0:01 | Queue | Villager (Male) |
| 0:02 | Build | House |
| 0:03 | Build | House |
| 0:04 | Queue | Villager (Male) |
| 0:04 | Queue | Villager (Male) |
| 1:27 | Queue | Villager (Male) |
| 1:55 | Queue | Villager (Male) |
| 2:24 | Queue | Villager (Male) |
| 2:55 | Queue | Villager (Male) |
| 3:00 | Build | Lumber Camp |
| 3:14 | Queue | Villager (Male) |
| 3:14 | Queue | Villager (Male) |
| 3:15 | Queue | Villager (Male) |
| 3:21 | Queue | Villager (Male) |
| 3:25 | Build | House |
| 3:32 | Queue | Villager (Male) |
| 5:05 | Build | Mill |
| 5:43 | Research | Feudal Age |
| 6:21 | Research | Loom |
| 6:25 | Queue | Villager (Male) |
| 6:56 | Build | House |
| 7:08 | Build | Barracks |
| 7:53 | Age | Feudal Age |
| 8:01 | Build | Stable |
| 8:19 | Queue | Villager (Male) |
| 8:21 | Research | Double-Bit Axe |
| 8:36 | Build | House |
| 8:40 | Queue | Villager (Male) |
| 8:50 | Queue | Scout Cavalry |
| 8:50 | Queue | Scout Cavalry |
| 9:06 | Build | House |
| 9:07 | Build | House |
| 9:13 | Build | House |
| 9:31 | Queue | Villager (Male) |
| 9:43 | Build | House |
| 9:58 | Queue | Villager (Male) |
| 10:05 | Queue | Villager (Male) |
| 10:10 | Build | Archery Range |
| 10:14 | Build | Farm |
| 10:15 | Build | Farm |
| 10:30 | Queue | Villager (Male) |
| 10:32 | Build | Farm |
| 10:33 | Build | Farm |
| 10:33 | Build | Farm |
| 10:33 | Build | Farm |
| 10:38 | Queue | Villager (Male) |
| 10:53 | Queue | Scout Cavalry |
| 11:09 | Build | Farm |
| 11:09 | Build | Farm |
| 11:10 | Build | Farm |
| 11:10 | Build | Farm |
| 11:10 | Build | Farm |
| 11:10 | Build | Farm |
| 11:21 | Build | House |
| 11:25 | Build | Palisade Wall |
| 11:31 | Queue | Skirmisher |
| 11:32 | Queue | Archer |
| 11:39 | Build | Farm |
| 11:46 | Queue | Villager (Male) |
| 12:15 | Queue | Villager (Male) |
| 12:26 | Build | Market |
| 12:30 | Queue | Skirmisher |
| 12:44 | Queue | Villager (Male) |
| 12:49 | Queue | Skirmisher |
| 12:54 | Queue | Spearman |
| 12:57 | Build | House |
| 13:01 | Build | Farm |
| 13:12 | Queue | Villager (Male) |
| 13:21 | Queue | Villager (Male) |
| 13:47 | Queue | Villager (Male) |
| 13:51 | Build | Lumber Camp |
| 13:52 | Queue | Villager (Male) |
| 13:54 | Build | Farm |
| 13:54 | Build | Farm |
| 13:54 | Build | Farm |
| 13:54 | Build | Farm |
| 13:55 | Build | Farm |
| 13:55 | Build | Farm |
| 13:59 | Build | Farm |
| 14:01 | Queue | Villager (Male) |
| 14:14 | Queue | Villager (Male) |
| 14:34 | Build | Palisade Wall |
| 14:36 | Build | Palisade Wall |
| 14:36 | Build | Palisade Wall |
| 14:37 | Build | Palisade Wall |
| 14:38 | Build | Palisade Wall |
| 14:41 | Build | Mining Camp |
| 14:42 | Queue | Villager (Male) |
| 14:58 | Build | House |
| 15:00 | Build | Palisade Wall |
| 15:13 | Build | Farm |
| 15:19 | Queue | Villager (Male) |
| 15:48 | Queue | Villager (Male) |
| 16:49 | Queue | Villager (Male) |
| 17:00 | Research | Castle Age |
| 17:29 | Queue | Scout Cavalry |
| 17:36 | Build | Stable |
| 17:37 | Build | Palisade Wall |
| 17:41 | Queue | Scout Cavalry |
| 17:53 | Queue | Villager (Male) |
| 17:57 | Research | Horse Collar |
| 18:11 | Queue | Scout Cavalry |
| 18:47 | Queue | Villager (Male) |
| 19:31 | Queue | Villager (Male) |
| 19:34 | Research | Bloodlines |
| 19:40 | Age | Castle Age |
| 19:41 | Research | Light Cavalry (upgrade) |
| 19:54 | Queue | Scout Cavalry |
| 20:08 | Queue | Villager (Male) |
| 20:13 | Build | Town Center |
| 20:20 | Queue | Villager (Male) |
| 20:37 | Queue | Camel Scout |
| 20:38 | Queue | Camel Scout |
| 20:56 | Queue | Villager (Male) |
| 20:56 | Queue | Villager (Male) |
| 21:44 | Queue | Villager (Male) |
| 21:45 | Queue | Villager (Male) |
| 21:52 | Research | Wheelbarrow |
| 21:52 | Research | Wheelbarrow |
| 21:55 | Build | Farm |
| 21:56 | Build | Farm |
| 21:56 | Build | Farm |
| 21:56 | Build | Farm |
| 22:00 | Queue | Villager (Male) |
| 22:05 | Build | Palisade Wall |
| 22:07 | Build | Palisade Wall |
| 22:18 | Queue | Villager (Male) |
| 22:21 | Build | Farm |
| 22:24 | Queue | Villager (Male) |
| 22:25 | Queue | Villager (Male) |
| 22:40 | Queue | Villager (Male) |
| 23:11 | Queue | Villager (Male) ×3 |
| 23:33 | Build | Monastery |
| 23:39 | Queue | Villager (Male) |
| 23:39 | Queue | Villager (Male) |
| 23:47 | Research | Bow Saw |
| 23:57 | Research | Stone Mining |
| 24:22 | Build | House |
| 24:26 | Queue | Monk |
| 24:29 | Research | Fervor |
| 24:29 | Queue | Monk |
| 24:45 | Research | Heavy Plow |
| 24:47 | Queue | Villager (Male) |
| 24:47 | Queue | Villager (Male) |
| 24:48 | Queue | Villager (Male) |
| 25:00 | Build | Town Center |
| 25:58 | Build | Castle |
| 26:06 | Queue | Villager (Male) |
| 26:07 | Queue | Villager (Male) |
Build order — Chris Snow
First 150 of 287 actions detected
| 0:00 | Queue | Villager (Male) |
| 0:00 | Queue | Villager (Male) |
| 0:00 | Queue | Villager (Male) |
| 0:01 | Queue | Villager (Male) |
| 1:35 | Queue | Villager (Male) |
| 1:52 | Build | Lumber Camp |
| 1:53 | Queue | Villager (Male) |
| 1:53 | Queue | Villager (Male) |
| 2:08 | Queue | Villager (Male) |
| 2:37 | Queue | Villager (Male) |
| 3:09 | Queue | Villager (Male) |
| 3:56 | Queue | Villager (Male) |
| 3:56 | Queue | Villager (Male) |
| 3:56 | Queue | Villager (Male) |
| 3:57 | Queue | Villager (Male) |
| 4:17 | Queue | Villager (Male) |
| 4:59 | Queue | Villager (Male) |
| 5:45 | Queue | Villager (Male) |
| 5:49 | Queue | Villager (Male) |
| 5:49 | Queue | Villager (Male) |
| 6:19 | Build | Mill |
| 6:34 | Research | Loom |
| 7:08 | Research | Feudal Age |
| 7:39 | Build | Barracks |
| 8:24 | Build | Palisade Wall |
| 8:34 | Build | Palisade Wall |
| 8:43 | Build | Palisade Wall |
| 9:19 | Build | Palisade Wall |
| 9:20 | Queue | Villager (Male) |
| 9:46 | Build | Palisade Wall |
| 9:51 | Age | Feudal Age |
| 9:53 | Queue | Villager (Male) |
| 10:02 | Build | Palisade Wall |
| 10:07 | Queue | Villager (Male) |
| 10:38 | Build | Stable |
| 10:54 | Build | Palisade Wall |
| 11:10 | Queue | Spearman |
| 11:30 | Build | Palisade Wall |
| 11:33 | Queue | Villager (Male) |
| 11:33 | Queue | Villager (Male) |
| 12:04 | Build | Farm |
| 12:05 | Build | Farm |
| 12:14 | Build | Palisade Wall |
| 12:25 | Build | Farm |
| 12:26 | Queue | Villager (Male) |
| 12:33 | Research | Horse Collar |
| 12:36 | Research | Double-Bit Axe |
| 12:36 | Research | Double-Bit Axe |
| 12:43 | Queue | Villager (Male) |
| 12:56 | Build | Farm |
| 13:05 | Queue | Villager (Male) |
| 13:18 | Build | Farm |
| 13:21 | Build | Farm |
| 13:23 | Build | Farm |
| 13:34 | Queue | Villager (Male) |
| 13:51 | Build | Farm |
| 13:57 | Build | Farm |
| 14:04 | Queue | Villager (Male) |
| 14:04 | Queue | Villager (Male) |
| 14:04 | Queue | Villager (Male) |
| 14:08 | Build | Farm |
| 14:14 | Queue | Scout Cavalry |
| 14:32 | Build | Market |
| 14:52 | Build | Palisade Wall |
| 15:09 | Build | Farm |
| 15:11 | Build | Farm |
| 15:35 | Queue | Villager (Male) |
| 15:42 | Build | Palisade Wall |
| 16:04 | Queue | Villager (Male) |
| 16:14 | Build | Archery Range |
| 16:27 | Build | Palisade Wall |
| 16:32 | Build | Farm |
| 16:34 | Build | Farm |
| 16:37 | Build | Farm |
| 17:11 | Build | Farm |
| 17:12 | Build | Farm |
| 17:17 | Build | Mining Camp |
| 17:26 | Queue | Spearman |
| 17:36 | Queue | Scout Cavalry |
| 17:51 | Research | Castle Age |
| 18:39 | Queue | Spearman |
| 18:46 | Queue | Skirmisher |
| 18:46 | Queue | Skirmisher |
| 19:00 | Build | Farm |
| 19:28 | Queue | Scout Cavalry |
| 19:30 | Build | Farm |
| 19:30 | Build | Farm |
| 19:37 | Queue | Skirmisher |
| 20:31 | Age | Castle Age |
| 20:33 | Queue | Villager (Male) |
| 20:33 | Queue | Villager (Male) |
| 20:36 | Queue | Scout Cavalry |
| 20:36 | Queue | Scout Cavalry |
| 20:39 | Queue | Spearman |
| 20:39 | Queue | Spearman |
| 20:43 | Queue | Villager (Male) |
| 21:23 | Queue | Villager (Male) |
| 21:24 | Queue | Villager (Male) |
| 21:34 | Queue | Cavalry Archer |
| 21:37 | Research | Thumb Ring |
| 21:39 | Queue | Villager (Male) |
| 21:39 | Queue | Villager (Male) |
| 21:48 | Research | Bow Saw |
| 21:50 | Build | Town Center |
| 21:57 | Queue | Spearman |
| 22:04 | Queue | Spearman |
| 22:30 | Queue | Villager (Male) |
| 22:39 | Queue | Villager (Male) |
| 22:39 | Queue | Villager (Male) |
| 22:59 | Research | Light Cavalry (upgrade) |
| 23:03 | Research | Man-at-Arms (upgrade) |
| 23:05 | Research | Pikeman (upgrade) |
| 23:07 | Queue | Villager (Male) |
| 23:07 | Queue | Villager (Male) |
| 23:07 | Queue | Villager (Male) |
| 23:20 | Research | Gold Mining |
| 23:38 | Build | Farm |
| 23:47 | Research | Light Cavalry (upgrade) |
| 23:54 | Queue | Spearman |
| 24:01 | Queue | Villager (Male) |
| 24:10 | Build | Farm |
| 24:16 | Queue | Cavalry Archer |
| 24:16 | Queue | Cavalry Archer |
| 24:22 | Build | Lumber Camp |
| 24:29 | Queue | Villager (Male) |
| 24:29 | Queue | Villager (Male) |
| 24:39 | Queue | Villager (Male) |
| 24:39 | Queue | Villager (Male) |
| 24:44 | Queue | Villager (Male) |
| 24:53 | Build | Farm |
| 24:58 | Queue | Cavalry Archer |
| 25:18 | Queue | Cavalry Archer |
| 25:20 | Build | Farm |
| 25:21 | Build | Farm |
| 25:55 | Queue | Villager (Male) |
| 25:55 | Queue | Villager (Male) |
| 25:57 | Build | Farm |
| 25:58 | Queue | Villager (Male) |
| 25:58 | Queue | Villager (Male) |
| 26:01 | Research | Gold Shaft Mining |
| 26:12 | Queue | Cavalry Archer |
| 26:25 | Build | Farm |
| 26:26 | Build | Farm |
| 26:26 | Build | Farm |
| 26:34 | Queue | Villager (Male) |
| 27:14 | Queue | Cavalry Archer |
| 27:14 | Queue | Cavalry Archer |
| 27:17 | Build | Farm |
| 27:19 | Build | Farm |
| 27:30 | Queue | Villager (Male) |
Match timeline
| 7:08 | HellionBlue · first_building Barracks |
| 7:39 | Chris Snow · first_building Barracks |
| 7:53 | HellionBlue · age_up feudal |
| 8:01 | HellionBlue · first_building Stable |
| 8:24 | Chris Snow · wall_segment Palisade Wall x2 |
| 8:34 | Chris Snow · wall_segment Palisade Wall x6 |
| 8:43 | Chris Snow · wall_segment Palisade Wall x15 |
| 9:19 | Chris Snow · wall_segment Palisade Wall x8 |
| 9:46 | Chris Snow · wall_segment Palisade Wall x1 |
| 9:51 | Chris Snow · age_up feudal |
| 10:02 | Chris Snow · wall_segment Palisade Wall x1 |
| 10:10 | HellionBlue · first_building Archery Range |
| 10:38 | Chris Snow · first_building Stable |
| 10:54 | Chris Snow · wall_segment Palisade Wall x1 |
| 11:25 | HellionBlue · wall_segment Palisade Wall x4 |
| 11:30 | Chris Snow · wall_segment Palisade Wall x6 |
| 12:14 | Chris Snow · wall_segment Palisade Wall x5 |
| 14:34 | HellionBlue · wall_segment Palisade Wall x1 |
| 14:36 | HellionBlue · wall_segment Palisade Wall x1 |
| 14:36 | HellionBlue · wall_segment Palisade Wall x1 |
| 14:37 | HellionBlue · wall_segment Palisade Wall x1 |
| 14:38 | HellionBlue · wall_segment Palisade Wall x1 |
| 14:52 | Chris Snow · wall_segment Palisade Wall x4 |
| 15:00 | HellionBlue · wall_segment Palisade Wall x5 |
| 15:42 | Chris Snow · wall_segment Palisade Wall x1 |
| 16:14 | Chris Snow · first_building Archery Range |
| 16:27 | Chris Snow · wall_segment Palisade Wall x3 |
| 16:52 | HellionBlue · first_market_sell 100 wood |
| 17:37 | HellionBlue · wall_segment Palisade Wall x10 |
| 17:42 | Chris Snow · first_market_sell 100 wood |
| 19:40 | HellionBlue · age_up castle |
| 20:31 | Chris Snow · age_up castle |
| 22:05 | HellionBlue · wall_segment Palisade Wall x1 |
| 22:07 | HellionBlue · wall_segment Palisade Wall x9 |
| 23:33 | HellionBlue · first_building Monastery |
| 25:12 | Chris Snow · first_market_buy 100 wood |
| 25:16 | HellionBlue · first_market_buy 100 stone |
| 25:58 | HellionBlue · first_building Castle |
| 33:21 | HellionBlue · first_building Siege Workshop |
| 34:02 | Chris Snow · first_building Castle |
| 34:44 | HellionBlue · age_up imperial |
| 38:51 | Chris Snow · age_up imperial |
| 41:32 | Chris Snow · resign |
[ AI ANALYSIS · 1 CREDIT ]
What really happened in this match?
Wolo.gg analyzes every decision: build order, eco, micro, common mistakes by bracket. Personalized analysis on WhatsApp or Discord in 30 seconds.
Civ guide
Mongols
Perfil
HellionBlue